 Dungeon Crawl Stone Soup version 0.28.0-53-g5a82cb258f (webtiles) character file.

Game seed: 3847331251233960754

83 MiltankisOP the Magician (level 4, 0/32 HPs)
             Began as a Djinni Transmuter on June 17, 2022.
             Slain by an orc wizard
             ... wielding a +0 dagger
              (3 damage)
             ... on level 4 of the Dungeon.
             The game lasted 00:04:00 (3767 turns).

MiltankisOP the Magician (Djinni Transmuter)        Turns: 3767, Time: 00:04:00

Health: 0/32       AC:  5    Str:  9    XL:     4   Next: 71%
Gold:   135        EV: 12    Int: 17    God:
                   SH:  0    Dex: 13

rFire   + + .      SeeInvis .     - Unarmed
rCold   x . .      Faith    .   (no shield)
rNeg    . . .      Spirit   .   a - +0 robe
rPois   ∞          Reflect  .   (helmet currently unavailable)
rElec   .          Harm     .   i - +2 cloak
rCorr   .          Rampage  .   (no gloves)
Will    .....                   (boots unavailable)
Stlth   +.........              (no amulet)
HPRegen 0.10/turn               (no ring)
MPRegen 0.00/turn               (no ring)

@: appendages, flying
A: horns 2, flying, sickness immunity, fire resistance 2, cold vulnerability 1,
float, innate caster, HP casting, extra vitality 1
a: End Transformation


You were on level 4 of the Dungeon.
You had temporarily grown beastly horns.
You visited 1 branch of the dungeon, and saw 4 of its levels.

You collected 135 gold pieces.

Inventory:

Armour
 a - a +0 robe (worn)
 i - a +2 cloak (worn)
Jewellery
 l - an amulet of faith
Wands
 k - a wand of iceblast (9)
Scrolls
 d - a scroll of torment {unknown}
 e - a scroll of blinking {unknown}
 g - 3 scrolls of identify {unknown}
 h - a scroll of teleportation {unknown}
 n - a scroll of immolation {unknown}
 o - a scroll of enchant armour {unknown}
Potions
 b - a potion of invisibility {unknown}
 c - 3 potions of curing {unknown}
 f - 2 potions of might {unknown}
 j - a potion of ambrosia {unknown}
 m - a potion of cancellation {unknown}


   Skills:
 - Level 1.0 Fighting
 - Level 2.1 Dodging
 - Level 3.0 Unarmed Combat
 + Level 3.5 Spellcasting


You couldn't memorise any spells.
You knew the following spells:

 Your Spells              Type           Power      Damage    Failure   Level
a - Beastly Appendage     Tmut           28%        N/A       4%          1
b - Wereblood             Tmut           14%        N/A       6%          2
c - Spider Form           Tmut/Pois      14%        N/A       12%         3
d - Ice Form              Ice/Tmut       14%        N/A       36%         4
e - Apportation           Tloc           28%        N/A       4%          1
Your spell library was empty.

Dungeon Overview and Level Annotations

Branches:
Dungeon (4/15)
 Temple: D:4-7

Altars:

Annotations:
D:2 Sigmund
D:3 2 runed translucent doors, GilGalad's ghost, novice GnTm; Grinder


Innate Abilities, Weirdness & Mutations

You have temporarily grown beastly horns.
You are flying.
You are immune to sickness and miasma.
You are immune to poison.
Your flesh is very heat resistant. (rF++)
You are vulnerable to cold. (rC-)
You float through the air rather than walking.
You learn spells naturally, not from books.
Your magical power is your life essence.
You have superior vitality. (+4 MHP)


Message History

Your transformation is almost over.
Something hits you but does no damage.
You miss something. Your headbutt misses something. Something hits you.
You miss something. You headbutt something.
You hear some strange, mumbled words.
You are confused.
You hear some strange, mumbled words.
A puff of flame appears from out of thin air!
The puff of flame hits you. You resist.
You bump into the rock wall.
You barely miss something. Something hits you.
You hear some strange, mumbled words.
A puff of flame appears from out of thin air!
The puff of flame hits you. You resist.
* * * LOW HITPOINT WARNING * * *
Something hits you but does no damage.
You miss something. Something hits you but does no damage.
You bump into the rock wall.
You feel less confused. Something hits you.
* * * LOW HITPOINT WARNING * * *
You hit something but do no damage. Your punch misses something.
Your horns disappear.
Something hits you but does no damage.
Casting: Beastly Appendage (safe; 4% risk of failure)
Confirm with . or Enter, or press ? or * to list all spells.
You grow a pair of large bovine horns.
* * * LOW HITPOINT WARNING * * *
Something hits you but does no damage.
You barely miss something. Something hits you but does no damage.
You miss something. Something hits you.
* * * LOW HITPOINT WARNING * * *
You hit something. Something hits you but does no damage.
You miss something.
You hear some strange, mumbled words.
A puff of flame appears from out of thin air!
The puff of flame hits you. You resist.
* * * LOW HITPOINT WARNING * * *
You miss something. Something hits you.
You die...

....###..# #...
##.#
###.....### #..
#.###
#.........####.
#...#
....#####...##
###.# ... ###.#
#.# o #.####
#[## #.).r#
#..#
####{########.#
#.@.....##.#
#######....#
######


You could see a quokka.

Vanquished Creatures
  A centaur skeleton (D:3)
  An adder (D:3)
  An adder skeleton (D:4)
  3 dart slugs
  An orc (D:4)
  6 ball pythons
  2 bats
  3 endoplasms
  2 giant cockroaches
  6 goblins
  3 hobgoblins
  2 kobolds
  3 frilled lizards
  3 rats
37 creatures vanquished.

Notes
Turn   | Place    | Note
-------+----------+-------------------------------------------
     0 | D:1      | MiltankisOP the Djinni Transmuter began the quest for the
                  | Orb.
     0 | D:1      | Reached XP level 1. HP: 17/17 MP: 0/0
   567 | D:1      | Reached XP level 2. HP: 21/22 MP: 0/0
  1257 | D:1      | Found a faded altar of an unknown god.
  1351 | D:2      | Reached XP level 3. HP: 13/27 MP: 0/0
  1351 | D:2      | Learned a level 1 spell: Apportation
  2132 | D:2      | Noticed Sigmund
  2537 | D:3      | Noticed Grinder
  2758 | D:3      | Reached XP level 4. HP: 19/32 MP: 0/0
  3051 | D:3      | Found a runed translucent door.
  3052 | D:3      | Noticed a bullfrog
  3055 | D:3      | Noticed GilGalad's ghost (novice GnTm)
  3081 | D:3      | Found a runed translucent door.
  3366 | D:4      | Noticed an ogre
  3767 | D:4      | Slain by an orc wizard

Illustrated notes

Levels and vault maps discovered:
D:1:      dpeg_arrival_tiny_d, layout_basic,
          dreamdust_ecumenical_altar_hidden_monk_grotto, serial_bayou_crossing
D:2:      layout_loops_ring, kennysheep_generic_room_15, uniq_sigmund
D:3:      layout_loops_ring, ebering_ghost_sewer_f,
          chequers_serial_rivers_large_b, kennysheep_generic_room_11,
          uniq_grinder
D:4:      layout_rooms

Skill      XL: |  1  2  3 |
---------------+----------+-----
Spellcasting   | 2 3 |  3.5
Fighting       | |  1.0
Dodging        | |  2.1
Unarmed Combat | |  3.0

Action                   |  1- 3 |  4- 6 || total
-------------------------+-------+-------++-------
Melee: Unarmed           |    89 |    41 ||   130
       Headbutt          |    10 |     6 ||    16
       Punch             |     1 |     1 ||     2
 Cast: Beastly Appendage |    22 |     9 ||    31
       Spider Form       |       |     1 ||     1
Armor: Robe              |    12 |    13 ||    25
Dodge: Dodged            |    61 |    17 ||    78
